 Dungeon Crawl Stone Soup version 0.19-a0-1697-g0595f0e (webtiles) character file.

84 beholder the Charmwright (level 4, 0/29 HPs)
             Began as a High Elf Skald on Sept 26, 2016.
             Slain by a gnoll
             ... wielding a +0 halberd
              (12 damage)
             ... on level 2 of the Dungeon.
             The game lasted 00:08:57 (1280 turns).

beholder the Charmwright (High Elf Skald)           Turns: 1280, Time: 00:08:58

Health: 0/29       AC:  5    Str: 12    XL:     4   Next: 24%
Magic:  6/11       EV: 11    Int: 15    God:
Gold:   62         SH:  0    Dex: 15    Spells: 5 memorised, 0 levels left

rFire  . . .     SeeInvis .     a - +0 falchion
rCold  . . .     Gourm    .     b - +0 leather armour
rNeg   . . .     Faith    .     (no shield)
rPois  .         Spirit   .     (no helmet)
rElec  .         Dismiss  .     g - +0 cloak
rCorr  .         Reflect  .     (no gloves)
MR     .....     Harm     .     (no boots)
Stlth  +.........               (no amulet)
                                (no ring)
                                (no ring)

@: singing
A: no striking features
a: Stop Singing


You were on level 2 of the Dungeon.
You were not hungry.

You visited 1 branch of the dungeon, and saw 2 of its levels.

You collected 62 gold pieces.

Inventory:

Hand Weapons
 a - a +0 falchion (weapon)
Armour
 b - a +0 leather armour (worn)
 g - a +0 cloak (worn)
Scrolls
 e - a scroll of magic mapping
 i - 3 scrolls of teleportation {unknown}
Potions
 f - a potion of cure mutation {unknown}
 k - a potion of agility {unknown}
 l - a potion of degeneration {unknown}
 m - a potion of curing {unknown}
Books
 c - a book of Battle

   Spells                             Type                      Level
   a - Infusion                       Charms                       1
   b - Shroud of Golubria             Charms/Translocation         2
   c - Song of Slaying                Charms                       2
   d - Spectral Weapon                Hexes/Charms                 3
   e - Regeneration                   Charms/Necromancy            3
Comestibles
 d - a bread ration
 h - 13 chunks of flesh
 j - a beef jerky


   Skills:
 + Level 2.2 Fighting
 - Level 2.4 Long Blades
 - Level 0.8 Armour
 - Level 1.1 Dodging
 - Level 4.0 Spellcasting
 + Level 4.8 Charms


You couldn't memorise any spells.
You knew the following spells:

 Your Spells              Type           Power        Failure   Level  Hunger
a - Infusion              Chrm           ###.         3%          1    None
b - Song of Slaying       Chrm           ###.....     6%          2    ##.....
r - Regeneration          Chrm/Necr      ##........   30%         3    ###....
s - Shroud of Golubria    Chrm/Tloc      ##........   17%         2    ##.....
w - Spectral Weapon       Hex/Chrm       ##......     30%         3    ###....


Dungeon Overview and Level Annotations

Branches:
Dungeon (2/15)

Altars:


Message History

You slash the gnoll!
The gnoll is heavily wounded.
Your spectral weapon hits the gnoll but does no damage.
The gnoll closely misses you.
You riposte.
You closely miss the gnoll.
The gnoll is heavily wounded.
You hit the gnoll.
The gnoll is almost dead.
Your spectral weapon hits the gnoll.
You kill the gnoll!
The gnoll closely misses you.
You closely miss the kobold.
Your shroud unravels.
Your spectral weapon hits the kobold!
You kill the kobold!
The gnoll hits you from afar with a halberd!
You take 10 damage, and have 12/29 hp.
MASSIVE DAMAGE!!
You hit the kobold.
You kill the kobold!
The gnoll hits you from afar with a halberd!
You die...

≈≈.....,*#..................#
≈≈.....g##..................#####
≈≈......K...................'>...
,,......####................#####
,,......................#####
,,.#g.....................#
,,.............##.........#
,,..,.........g<(..#......#
,,.,,.$.#####..#@........####
,,,,,...* #..#............#
****,..,* #..#..........#.#
,,,,,,,,*####...........#.#.#
,,,,,,,,,..........÷....#.#.#
,,,,,**,,........)...####.#.#
,,,,,,,,,......##'#.#...#.#.#####
,,,,,,,,,......*#.#.#.#'#'#......
,,,,,,,,,....,,*#.#........######


You could see a gnoll and a friendly spectral falchion.

Vanquished Creatures
  A gnoll (D:2)
  2 adders (D:2)
  An ooze (D:1)
  2 worms (D:2)
  A dart slug (D:1)
  3 giant cockroaches (D:1)
  6 goblins
  7 hobgoblins
  4 jackals (D:1)
  4 bats
  2 frilled lizards (D:1)
  7 kobolds
  5 rats
45 creatures vanquished.

Notes
Turn   | Place    | Note
-------+----------+-------------------------------------------
     0 | D:1      | beholder the High Elf Skald began the quest for the Orb.
     0 | D:1      | Reached XP level 1. HP: 14/14 MP: 4/4
    95 | D:1      | Reached XP level 2. HP: 14/19 MP: 6/6
   102 | D:1      | Learned a level 2 spell: Shroud of Golubria
   376 | D:1      | Reached XP level 3. HP: 16/24 MP: 5/8
   410 | D:1      | Learned a level 3 spell: Regeneration
   605 | D:1      | Learned a level 3 spell: Spectral Weapon
  1198 | D:2      | Reached XP level 4. HP: 23/29 MP: 4/11
  1236 | D:1      | Learned a level 2 spell: Song of Slaying
  1280 | D:2      | Slain by a gnoll

Vault maps used:
D:1:      lemuel_arrival_tunnels, serial_bayou_pond_e
D:2:      first_bread, grunt_ministairs_9, serial_park_tiny_pond,
          minmay_misc_feat_rows

Skill      XL: |  1  2  3 |
---------------+----------+-----
Charms         | 4 |  4.8
Spellcasting   | 3 4 |  4.0
Fighting       | |  2.2
Long Blades    | |  2.4
Armour         | |  0.8
Dodging        | |  1.1

Action                   |  1- 3 |  4- 6 || total
-------------------------+-------+-------++-------
Melee: Falchion          |   160 |    20 ||   180
 Cast: Infusion          |     4 |       ||     4
       Shroud of Golubri |    10 |     1 ||    11
       Spectral Weapon   |     2 |     1 ||     3
       Song of Slaying   |       |     1 ||     1
  Use: Scroll            |     3 |       ||     3
 Stab: Sleeping          |     1 |       ||     1
  Eat: Chunk             |     2 |       ||     2
Armor: Leather armour    |    48 |     4 ||    52
       Ring mail         |    14 |       ||    14
Dodge: Dodged            |    89 |    22 ||   111
